 Dungeon Crawl Stone Soup version 0.30.1-1-g62c8e00024 (webtiles) character file.

Game seed: 7822783179512849962

4176 shmup the Arsonist (level 10, -1/53 HPs)
             Began as a Tengu Fire Elementalist on July 18, 2023.
             Was a Believer of Qazlal.
             Shot with an arrow by a centaur (10 damage)
             ... on level 8 of the Dungeon.
             The game lasted 00:32:46 (10103 turns).

shmup the Arsonist (Tengu Fire Elementalist)       Turns: 10103, Time: 00:32:46

Health: -1/53      AC:  4    Str: 13    XL:     10   Next: 28%
Magic:  8/14       EV: 16    Int: 20    God:    Qazlal [**....]
Gold:   312        SH:  3    Dex: 20    Spells: 4/13 levels left

rFire   + + .        b - +6 trident of Gozag's Hatred {flame, rPois Str+2}
rCold   . . .        (no shield)
rNeg    . . .        K - +1 leather armour of Valour {rElec rF++ Str-4 SInv}
rPois   +            (helmet restricted)
rElec   +            (no cloak)
rCorr   .            (no gloves)
SInv    +            (boots unavailable)
Will    .....        (no amulet)
Stlth   ++           L - +6 ring of strength
HPRegen 0.28/turn    O - +6 ring of dexterity
MPRegen 0.14/turn

%: no passive effects
@: flying quickly and evasively, studying Polearms, quick
A: beak, talons 3, nimble flight
a: Renounce Religion, Upheaval


You were on level 8 of the Dungeon.
You worshipped Qazlal.
Qazlal was pleased with you.
You visited 2 branches of the dungeon, and saw 9 of its levels.
You also visited: Ossuary.

You collected 312 gold pieces.

Inventory:

Hand Weapons
 a - a +0 dagger of venom
 b - the +6 trident of Gozag's Hatred (weapon) {flame, rPois Str+2}
   (You took it off a gnoll on level 4 of the Dungeon)

   Str:       It affects your strength (+2).
   rPois:     It protects you from poison.
 c - a +0 club
 w - a +1 dagger of electrocution
Missiles
 e - 6 stones (quivered)
 h - 2 throwing nets
 j - 6 curare-tipped darts
 H - 6 atropa-tipped darts
 J - a boomerang
 M - 4 boomerangs of dispersal
 P - 11 poisoned darts
Armour
 k - a +1 robe
 K - the +1 leather armour of Valour (worn) {rElec rF++ Str-4 SInv}
   (You took it off an orc on level 6 of the Dungeon)

   Str:       It affects your strength (-4).
   rF:        It greatly protects you from fire.
   rElec:     It insulates you from electricity.
   SInv:      It lets you see invisible.
Magical Staves
 o - a staff of earth
Jewellery
 m - a ring of fire
 x - a ring of poison resistance
 L - a +6 ring of strength (left hand)
 O - a +6 ring of dexterity (right hand)
 R - a +4 ring of protection
Scrolls
 g - 2 scrolls of brand weapon
 i - 2 scrolls of immolation
 l - a scroll of noise {unknown}
 p - 2 scrolls of vulnerability
 q - 2 scrolls of teleportation
 t - 2 scrolls of blinking {unknown}
 u - a scroll of amnesia {unknown}
 v - a scroll of fear {unknown}
 y - 2 scrolls of fog
 D - 4 scrolls of magic mapping {unknown}
 G - 2 scrolls of enchant armour
 Q - 2 scrolls of identify
 S - a scroll of enchant weapon {unknown}
Potions
 d - a potion of ambrosia
 f - 7 potions of curing
 n - 4 potions of mutation
 r - 8 potions of heal wounds
 s - a potion of magic
 z - 2 potions of attraction
 A - 2 potions of cancellation
 B - a potion of might
 C - 2 potions of brilliance
 E - a potion of degeneration
 F - a potion of flight
 N - a potion of lignification {unknown}


   Skills:
 + Level 2.1 Fighting
 * Level 3.4 Polearms
 + Level 3.4 Dodging
 - Level 2.0 Stealth
 - Level 2.0 Spellcasting
 + Level 10.0 Conjurations
 + Level 1.2 Hexes
 + Level 1.3 Translocations
 * Level 12.3 Fire Magic
 + Level 1.9 Invocations


You had 4 spell levels left.
You knew the following spells:

 Your Spells              Type           Power      Damage    Failure   Level
a - Foxfire               Conj/Fire      100%       2x1d9     1%          1
b - Scorch                Fire           100%       2d9       1%          2
c - Inner Flame           Hex/Fire       29%        N/A       3%          3
d - Volatile Blastmotes   Fire/Tloc      58%        2d14      3%          3

Your spell library contained the following spells:

 Spells                   Type           Power      Damage    Failure   Level
 Flame Wave               Conj/Fire      46%        2d12      1%          4
 Hailstorm                Conj/Ice       22%        3d7       8%          3
 Freeze                   Ice            8%         1d3       21%         1
 Summon Small Mammal      Summ           8%         N/A       21%         1
 Summon Guardian Golem    Hex/Summ       4%         N/A       43%         3
 Call Canine Familiar     Summ           2%         N/A       52%         3
 Frozen Ramparts          Ice            4%         1d1       52%         3


Dungeon Overview and Level Annotations

Branches:
Dungeon (8/15)             Temple (1/1) D:7         Ossuary (visited)
   Lair: D:8-11

Altars:
Ashenzari
Cheibriados
Dithmenos
Elyvilon
Fedhas
Gozag
Hepliaklqana
Kikubaaqudgha
Makhleb
Nemelex Xobeh
Okawaru
Qazlal
Ru
Trog
Uskayaw
Vehumet
Wu Jian
Yredelemnul
Zin
The Shining One

Shops:
D:1 :[   D:3 [   D:5 :   D:8 ((

Annotations:
D:7 exclusion: downstairs


Innate Abilities, Weirdness & Mutations

You have a beak for a mouth.
You have claws for feet.
Your magical nature lets you fly swiftly and evasively.


Message History

The vampire mosquito draws strength from your injuries!
The vampire mosquito bites you.
* * * LOW HITPOINT WARNING * * *
The vampire mosquito draws strength from your injuries!
You swap places.
The vampire mosquito bites your wight!
You swap places.
The vampire mosquito barely misses your wight.
Your wight misses the vampire mosquito. The vampire mosquito bites your wight.
You swap places.
The vampire mosquito bites your wight.
Your wight hits the vampire mosquito with a +4 flail.
The vampire mosquito bites your wight.
Your wight is destroyed!
Your wight dissolves into shadows!
You swap places.
The vampire mosquito bites your wight. The vampire mosquito bites your wight!
Your wight completely misses the vampire mosquito.
The vampire mosquito barely misses your wight.
Your wight closely misses the vampire mosquito.
The vampire mosquito barely misses your wight.
The vampire mosquito bites your wight but does no damage.
Your wight misses the vampire mosquito.
The vampire mosquito bites your wight but does no damage.
The vampire mosquito bites your wight.
Your wight is destroyed!
Your wight dissolves into shadows!
The vampire mosquito completely misses your bullfrog.
Your bullfrog barely misses the vampire mosquito.
The vampire mosquito closely misses your bullfrog.
Your bullfrog closely misses the vampire mosquito.
Something bites your bullfrog! Something misses your bullfrog.
The centaur shouts!
The centaur shoots an arrow.
The arrow misses you.
The vampire mosquito bites your bullfrog!
The centaur shoots an arrow.
You block the arrow.
The centaur shoots an arrow.
The arrow hits you!
* * * LOW HITPOINT WARNING * * *
The arrow freezes you.
* * * LOW HITPOINT WARNING * * *
The centaur shoots an arrow.
The arrow hits you!
You die...

▒............▒▒▒...▒.....
...▒..........▒▒....▒.....
.: ▒.........▒▒▒..........
.. ▒........c.......▒.....
.▒▒▒
▒.....▒▒.........▒▒....
...
▒▒........▒▒...........▒
▒▒▒H. ▒...z.0..▒▒ ▒...
.▒▒▒▒.. .... ▒▒▒..F.z...▒▒
. ... ...▒▒▒▒▒...y..z.Q..▒
▒▒.
▒..Vy...........▒▒......
▒▒▒▒▒▒.........▒▒ ......
▒▒.....▒..▒ ....
▒▒▒▒.▒▒▒.▒ ▒.. ▒▒▒ ..▒ .
... ...


You could see a vampire mosquito, a centaur, a friendly bullfrog (summoned) and
3 friendly wights.

Vanquished Creatures
  A troll (D:7)
  3 water moccasins
  Duvessa (D:5)
  An orc warrior (D:6)
  3 ice beasts
  2 black bears
  3 centaurs
  2 kobold brigands (D:7)
  Blork the orc (D:5)
  2 bullfrogs (D:8)
  2 gnoll sergeants
  9 scorpions
  10 wights
  Dowan (D:5)
  4 killer bees
  A howler monkey (D:3)
  An electric eel (D:6)
  A centaur zombie (Ossuary)
  A human zombie (Ossuary)
  A jelly (D:4)
  2 orc priests
  2 hounds
  3 orc wizards
  A sleepcap (D:6)
  7 iguanas
  3 scorpion zombies (Ossuary)
  Terence (D:3)
  4 mummies
  10 adders
  7 gnolls
  2 shadow imps
  2 white imps
  An ufetubus (D:7)
  2 worms (D:4)
  2 dart slugs
  13 orcs
  5 ball pythons
  3 endoplasms
  6 giant cockroaches
  2 gnoll zombies (Ossuary)
  12 goblins
  7 hobgoblins
  3 jackals (D:1)
  A quokka (D:2)
  6 bats
  7 frilled lizards
  4 goblin zombies (Ossuary)
  A hobgoblin zombie (Ossuary)
  14 kobolds
  2 kobold zombies (Ossuary)
  An orc zombie (Ossuary)
  4 rats
190 creatures vanquished.

Vanquished Creatures (others)
  349 foxfires
349 creatures vanquished.

Grand Total: 539 creatures vanquished

Notes
Turn   | Place    | Note
-------+----------+-------------------------------------------
     0 | D:1      | shmup the Tengu Fire Elementalist began the quest for the
                  | Orb.
     0 | D:1      | Reached XP level 1. HP: 10/10 MP: 4/4
   107 | D:1      | Reached XP level 2. HP: 15/15 MP: 3/6
   300 | D:1      | Reached skill level 4 in Fire Magic
   376 | D:1      | Learned a level 2 spell: Scorch
   380 | D:1      | Found Burhaid's Book Shop.
   463 | D:1      | Found Pealiz's Armour Shop.
   584 | D:1      | Reached XP level 3. HP: 19/19 MP: 4/7
  1132 | D:2      | Noticed a scorpion
  1143 | D:2      | Killed a scorpion
  1144 | D:2      | Reached skill level 5 in Fire Magic
  1144 | D:2      | Reached XP level 4. HP: 24/24 MP: 1/8
  1650 | D:2      | Gained mutation: Your magical nature lets you fly swiftly
                  | and evasively. [Tengu growth]
  1650 | D:2      | Reached XP level 5. HP: 20/28 MP: 6/9
  2070 | D:3      | Noticed Terence
  2645 | D:3      | Found a white marble altar of Elyvilon.
  2678 | D:3      | Reached skill level 6 in Fire Magic
  2741 | D:3      | Found Ridgh's Armour Shoppe.
  2800 | D:3      | Reached XP level 6. HP: 32/32 MP: 5/10
  3193 | D:3      | Killed Terence
  3535 | D:3      | Found a shadowy altar of Dithmenos.
  3539 | D:3      | Found a stormy altar of Qazlal.
  3539 | D:3      | Found a blossoming altar of Fedhas.
  3547 | D:3      | Became a worshipper of Qazlal Stormbringer
  3721 | D:4      | Reached skill level 5 in Conjurations
  3902 | D:4      | Reached skill level 7 in Fire Magic
  3988 | D:4      | Reached XP level 7. HP: 36/36 MP: 6/11
  4601 | D:4      | Reached skill level 8 in Fire Magic
  4681 | D:4      | Learned a level 3 spell: Inner Flame
  4685 | D:4      | Learned a level 3 spell: Volatile Blastmotes
  4921 | D:4      | Reached XP level 8. HP: 41/41 MP: 2/12
  5046 | D:4      | Identified the +6 trident of Gozag's Hatred {flame, rPois
                  | Str+2}
  5129 | D:4      | Reached * piety under Qazlal
  5345 | D:5      | Entered Level 5 of the Dungeon
  5363 | D:5      | Reached skill level 9 in Fire Magic
  5452 | D:5      | Found Jerudig's Self-Improvement Boutique.
  5576 | D:5      | Noticed Duvessa
  5601 | D:5      | Killed Duvessa
  5682 | D:5      | Noticed Dowan
  5690 | D:5      | Killed Dowan
  5756 | D:5      | Found a sand-covered staircase.
  5769 | Ossuary  | Entered an ossuary
  6187 | Ossuary  | Reached skill level 10 in Fire Magic
  6343 | Ossuary  | Reached XP level 9. HP: 34/45 MP: 6/13
  6863 | D:5      | Found an iron altar of Okawaru.
  6901 | D:5      | Noticed Blork the orc
  6907 | D:5      | Killed Blork the orc
  6908 | D:5      | Reached skill level 11 in Fire Magic
  7345 | D:5      | Found a snail-covered altar of Cheibriados.
  7587 | D:6      | Reached ** piety under Qazlal
  7679 | D:6      | Found a bloodstained altar of Trog.
  7679 | D:6      | Found a hazy altar of Hepliaklqana.
  7799 | D:6      | Found a glowing silver altar of Zin.
  7907 | D:6      | Identified the +1 leather armour of Valour {rElec rF++
                  | Str-4 SInv}
  8479 | D:7      | Found a staircase to the Ecumenical Temple.
  8488 | Temple   | Entered the Ecumenical Temple
  8695 | D:7      | Reached skill level 1 in Fighting
  8695 | D:7      | Reached skill level 1 in Polearms
  8764 | D:7      | Reached skill level 12 in Fire Magic
  8764 | D:7      | Reached skill level 1 in Invocations
  8983 | D:7      | Reached XP level 10. HP: 52/52 MP: 4/14
  9024 | D:7      | Reached skill level 1 in Translocations
  9117 | D:7      | Reached skill level 10 in Conjurations
  9117 | D:7      | Reached skill level 1 in Hexes
  9538 | D:8      | Found Meemn's Weapon Shop.
  9538 | D:8      | Noticed a +0 great mace
  9538 | D:8      | Noticed a +0 quick blade
  9940 | D:8      | Found Xuugh's Weapon Emporium.
 10079 | D:8      | Noticed a manticore
 10103 | D:8      | Shot with an arrow by a centaur

Illustrated notes

Levels and vault maps discovered:
D:1:      lightli_arrival_flooded_house, layout_basic, serial_shops, shop, shop,
          chequers_serial_rivers_room_a, minivault_25
D:2:      layout_basic, serial_rivers, chequers_serial_rivers_small_b,
          chequers_serial_rivers_micro_c, chequers_serial_rivers_room_b,
          chequers_serial_rivers_room_b, chequers_serial_rivers_small_3,
          nicolae_half_adder
D:3:      layout_loops_cross, minitemple, elyvilon_altar_1, serial_shops,
          nicolae_shop_trees, uniq_terence
D:4:      layout_basic, portal_sewer_entry_e
D:5:      layout_loops_ring, kennysheep_okawaru_gauntlet, kennysheep_mini_moat,
          gup_ossuary_entry_pyramid, nicolae_shop_self_help, uniq_blork_the_orc,
          uniq_duvessa
D:6:      layout_loops_ring, lemuel_tele_altar,
          mainiacjoe_overflow_divided_tiny, lightli_minifort
D:7:      layout_rooms, minmay_temple_entry_ruins, minmay_manual_mess
D:8:      layout_cave_pools, serial_shops, shop, shop, nicolae_shop_mannequins,
          minmay_radiant
Temple:   chequers_temple_sunken

Skill      XL: |  1  2  3  4  5  6  7  8  9 10 |
---------------+-------------------------------+-----
Conjurations   | 2 3 4 5 6 8 9 10 | 10.0
Fire Magic     | 4 5 6 7 8 10 12 | 12.3
Fighting       | 1 2 |  2.1
Polearms       | 2 3 |  3.4
Invocations    | 1 |  1.9
Dodging        | 3 |  3.4
Translocations | 1 |  1.3
Hexes          | 1 |  1.2
Stealth        | |  2.0
Spellcasting   | |  2.0

Action                     |  1- 3 |  4- 6 |  7- 9 | 10-12 || total
---------------------------+-------+-------+-------+-------++-------
  Melee: Kick              |     1 |     3 |    16 |     3 ||    23
         Unarmed           |     1 |       |       |       ||     1
         Dagger            |       |    26 |     8 |       ||    34
         Peck              |       |     4 |     7 |     3 ||    14
         Punch             |       |     1 |       |     2 ||     3
         Trident           |       |       |    58 |    15 ||    73
  Throw: Stone             |       |     2 |       |       ||     2
   Cast: Foxfire           |    32 |    48 |   112 |    15 ||   207
         Scorch            |     3 |    30 |    97 |     8 ||   138
         Inner Flame       |       |       |     5 |     7 ||    12
    Use: Scroll            |       |     5 |    11 |     1 ||    17
         Potion            |       |       |     1 |       ||     1
 Armour: Robe              |     3 |     5 |    13 |       ||    21
  Dodge: Dodged            |     7 |    32 |    83 |    27 ||   149
  Block: Other             |       |       |     6 |     5 ||    11
